 Dungeon Crawl Stone Soup version 0.21.1-1-g345015fe64 (webtiles) character file.

11108 HessuHobo the Protected (level 11, -3/91 HPs)
             Began as a Demonspawn Berserker on May 23, 2018.
             Was an Elder of Trog.
             Slain by a tengu warrior
             ... wielding a +0 war axe
             ... led by a tengu conjurer
              (6 damage)
             ... on level 11 of the Dungeon.
             The game lasted 00:28:54 (12615 turns).

HessuHobo the Protected (Demonspawn Berserker)     Turns: 12615, Time: 00:28:55

Health: -3/91      AC: 11    Str: 23    XL:     11   Next: 45%
Magic:  12/12      EV: 17    Int:  9    God:    Trog [****..]
Gold:   536        SH:  6    Dex: 17    Spells: 10/10 levels left

rFire    + . .     SeeInvis .   v - +1 dagger (speed)
rCold    . . .     Gourm    .   (no shield)
rNeg     . . .     Faith    .   y - +2 ring mail {rPois}
rPois    +         Spirit   .   (helmet restricted)
rElec    .         Reflect  .   f - +1 cloak
rCorr    .         Harm     +   k - +0 pair of gloves
MR       +....                  (no boots)
Stlth    ++........             e - amulet of harm
HPRegen  0.25/turn              C - ring of protection from magic
MPRegen  0.13/turn              A - ring of protection from fire

@: agile, about to teleport, berserk cooldown, slowed, very slow
A: horns 1, large bone plates 2, deformed body, high mp 1, powered by death 1,
spiny 2, strong 1
a: Berserk, Trog's Hand, Brothers in Arms, Burn Spellbooks, Renounce Religion


You were on level 11 of the Dungeon.
You worshipped Trog.
Trog was greatly pleased with you.
You were near starving.

You visited 1 branch of the dungeon, and saw 11 of its levels.

You collected 536 gold pieces.

Inventory:

Hand Weapons
 h - a cursed +3 hand axe
 v - a +1 dagger of speed (weapon)
Armour
 f - a +1 cloak (worn)
 k - a +0 pair of gloves (worn)
 u - a +0 plate armour
 y - a +2 ring mail of poison resistance (worn)
 I - a +1 chain mail of fire resistance
Jewellery
 a - an uncursed ring of resist corrosion
 e - an amulet of harm (around neck)
 m - a +1 ring of evasion
 p - an uncursed ring of protection from cold
 A - a ring of protection from fire (right hand)
 C - a ring of protection from magic (left hand)
 F - an uncursed amulet of guardian spirit {unknown}
 G - a +1 ring of protection {unknown}
Wands
 b - a wand of scattershot (5)
 g - a wand of iceblast (11)
 j - a wand of random effects (26)
 q - a wand of enslavement (21)
 z - a wand of clouds (1)
 E - a wand of flame (27)
Scrolls
 d - 3 scrolls of magic mapping
 o - 2 scrolls of enchant weapon
 r - 4 scrolls of teleportation
 t - 4 scrolls of remove curse
 B - 2 scrolls of enchant armour
Potions
 i - a potion of invisibility {unknown}
 l - a potion of magic
 n - 2 potions of flight
 s - 4 potions of lignification
 w - 4 potions of agility
 x - 2 potions of brilliance
 H - 2 potions of heal wounds {unknown}
Comestibles
 c - 8 rations


   Skills:
 + Level 10.2 Fighting
 - Level 2.0 Short Blades
 * Level 8.0 Axes
 * Level 11.8 Armour
 - Level 1.7 Dodging


You had 10 spell levels left.
You didn't know any spells.

Dungeon Overview and Level Annotations

Branches:
Dungeon (11/15)            Temple (0/1) D:7            Lair (0/6) D:8
    Orc (0/2) D:10

Altars:
Ashenzari
Gozag
Kikubaaqudgha
Nemelex Xobeh
Ru
Vehumet
Wu Jian
Xom
Yredelemnul
The Shining One

Annotations:
D:10 1 runed door


Innate Abilities, Weirdness & Mutations

You have a pair of small horns on your head.
You are mostly covered in large bone plates. (SH +6)
You regenerate a little health from kills.
You are mostly covered in sharp spines.
Armour fits poorly on your strangely shaped body.
You have an increased reservoir of magic. (+10% MP)
Your muscles are strong. (Str +2)


Message History

The tengu warrior is heavily wounded.
The tengu warrior is struck by your spines.
The tengu warrior hits you with a war axe.
* * * LOW HITPOINT WARNING * * *
The tengu warrior misses you. You block the tengu warrior's attack.
You feel agile all of a sudden.
The tengu warrior is struck by your spines.
The tengu warrior hits you with a war axe!
* * * LOW HITPOINT WARNING * * *
The tengu warrior closely misses you.
The tengu warrior claws you but does no damage.
The tengu warrior blocks your attack.
The tengu warrior is almost dead.
The tengu warrior closely misses you. The tengu warrior misses you.
The tengu warrior claws you but does no damage.
As you read the scroll of teleportation, it crumbles to dust.
You feel strangely unstable.
You are near starving!
The tengu warrior hits you with a war axe.
You die...

...# ...#
#..# #..#
#..# #..#
#..# #
#.[#
##.####@#
......Q)#
........#
........#
........#
#..##...#
#.. #...#
#. +.(.'
#...#


You could see a tengu warrior.

Vanquished Creatures
  Erica (D:10)
  A two-headed ogre (D:10)
  Urug (D:11)
  An ugly thing (D:11)
  The ghost of kaisn the Insei, a novice GnTm of Cheibriados (D:5)
  Psyche (D:9)
  A tengu conjurer (D:11)
  2 trolls (D:11)
  2 hippogriffs
  A basilisk (D:8)
  3 wyverns
  3 wraiths (D:7)
  A hungry ghost (D:10)
  Menkaure (D:4)
  A water moccasin (D:9)
  Edmund (D:6)
  Duvessa (D:4)
  A black bear (D:8)
  4 orc warriors
  3 ice beasts
  2 sky beasts
  3 phantoms
  A necrophage (D:7)
  3 centaurs
  3 crocodiles (D:8)
  3 big kobolds
  An elf zombie (D:7)
  A gnoll sergeant (D:10)
  3 bullfrogs
  Dowan (D:4)
  6 scorpions
  A water moccasin skeleton (D:4)
  A killer bee (D:10)
  4 wights (D:11)
  6 howler monkeys
  3 crimson imps
  A bullfrog zombie (D:9)
  7 hounds
  6 human zombies (D:7)
  4 jellies (D:8)
  A centaur skeleton (D:7)
  2 bullfrog skeletons
  7 orc priests
  4 iguanas
  Natasha (thrice) (D:4)
  11 orc wizards
  14 worker ants
  A hound zombie (D:7)
  A mummy (D:7)
  A hound skeleton (D:8)
  A howler monkey zombie (D:9)
  A worker ant zombie (D:6)
  6 gnolls
  13 adders
  2 howler monkey skeletons
  5 shadow imps
  8 oozes
  2 adder skeletons
  An adder zombie (D:9)
  A worm (D:3)
  2 dart slugs (D:1)
  6 leopard geckos
  54 orcs
  A ball python (D:3)
  8 bats
  A bat skeleton (D:8)
  3 bat zombies (D:8)
  4 giant cockroaches
  5 goblins
  12 hobgoblins
  12 jackals
  A quokka (D:8)
  8 frilled lizards
  A jackal zombie (D:7)
  21 kobolds
  A quokka skeleton (D:6)
  5 rats
321 creatures vanquished.

Vanquished Creatures (collateral kills)
  A hippogriff (D:10)
1 creature vanquished.

Vanquished Creatures (others)
  A warg (D:10)
  A swamp drake (D:8)
2 creatures vanquished.

Grand Total: 324 creatures vanquished

Notes
Turn   | Place    | Note
-------+----------+-------------------------------------------
     0 | D:1      | HessuHobo the Demonspawn Berserker began the quest for the Orb.
     0 | D:1      | Reached XP level 1. HP: 18/18 MP: 1/1
   254 | D:1      | Gained mutation: You are partially covered in sharp spines. [demonic ancestry]
   254 | D:1      | Reached XP level 2. HP: 21/24 MP: 2/2
   459 | D:1      | Reached skill level 2 in Armour
   953 | D:2      | Reached XP level 3. HP: 20/29 MP: 3/3
   960 | D:2      | Reached ** piety under Trog
  1200 | D:2      | Found a shimmering altar of Xom.
  1205 | D:2      | Found a shimmering altar of Xom.
  1208 | D:2      | Found a shimmering altar of Xom.
  1209 | D:2      | Found a shimmering altar of Xom.
  1963 | D:3      | Gained mutation: You have a pair of small horns on your head. [demonic ancestry]
  1963 | D:3      | Reached XP level 4. HP: 22/35 MP: 4/4
  3166 | D:4      | Reached XP level 5. HP: 28/41 MP: 5/5
  3166 | D:4      | Reached *** piety under Trog
  3544 | D:4      | Noticed Duvessa
  3544 | D:4      | Reached skill level 5 in Axes
  3545 | D:4      | Noticed Dowan
  3573 | D:4      | Killed Duvessa
  3573 | D:4      | Reached skill level 3 in Armour
  3573 | D:4      | Gained mutation: You regenerate a little health from kills. [demonic ancestry]
  3573 | D:4      | Reached XP level 6. HP: 48/48 MP: 6/6
  3577 | D:4      | Killed Dowan
  3683 | D:4      | Found a sacrificial altar of Ru.
  3686 | D:4      | Found an opulent altar of Gozag.
  3691 | D:4      | Found a glowing golden altar of the Shining One.
  3821 | D:4      | Gained mutation: You are mostly covered in sharp spines. [demonic ancestry]
  3821 | D:4      | Reached XP level 7. HP: 53/53 MP: 7/7
  3938 | D:4      | Noticed Natasha
  3944 | D:4      | Killed Natasha
  3972 | D:4      | Reached skill level 4 in Armour
  3983 | D:4      | Noticed Menkaure
  3991 | D:4      | Killed Menkaure
  4247 | D:4      | Reached skill level 1 in Short Blades
  4560 | D:4      | Noticed Natasha
  4566 | D:4      | Killed Natasha
  4566 | D:4      | Gained mutation: You are partially covered in large bone plates. (SH +4) [demonic ancestry]
  4566 | D:4      | Reached XP level 8. HP: 60/60 MP: 8/8
  4807 | D:4      | Noticed Natasha
  4815 | D:4      | Killed Natasha
  4815 | D:4      | Reached **** piety under Trog
  4935 | D:5      | Entered Level 5 of the Dungeon
  4955 | D:5      | Noticed kaisn's ghost (novice GnTm)
  4986 | D:5      | Killed kaisn's ghost
  4986 | D:5      | Reached skill level 5 in Armour
  5137 | D:5      | Gained mutation: Armour fits poorly on your strangely shaped body. [potion of mutation]
  5137 | D:5      | Gained mutation: Your spells are a little harder to cast, but a little more powerful. [potion of mutation]
  5137 | D:5      | Gained mutation: Your system is resistant to poisons. (rPois) [potion of mutation]
  5283 | D:5      | Found a shattered altar of Ashenzari.
  5299 | D:5      | Reached skill level 5 in Fighting
  5306 | D:5      | Reached skill level 6 in Armour
  5348 | D:5      | Found a sparkling altar of Nemelex Xobeh.
  5679 | D:5      | Found a radiant altar of Vehumet.
  5869 | D:6      | Reached XP level 9. HP: 48/68 MP: 9/9
  6180 | D:6      | Noticed Edmund
  6212 | D:6      | Killed Edmund
  6212 | D:6      | Reached skill level 7 in Armour
  6740 | D:6      | Lost mutation: Your spells are a little harder to cast, but a little more powerful. [potion of mutation]
  6740 | D:6      | Lost mutation: Your system is resistant to poisons. (rPois) [potion of mutation]
  6740 | D:6      | Gained mutation: You have an increased reservoir of magic. (+10% MP) [potion of mutation]
  6740 | D:6      | Gained mutation: Your muscles are strong. (Str +2) [potion of mutation]
  7403 | D:7      | Found a staircase to the Ecumenical Temple.
  7506 | D:7      | Found a basalt altar of Yredelemnul.
  7554 | D:7      | Reached skill level 8 in Armour
  8565 | D:7      | Reached skill level 9 in Armour
  8946 | D:7      | Reached XP level 10. HP: 52/77 MP: 11/11
  9312 | D:8      | Found an ornate altar of the Wu Jian Council.
  9353 | D:8      | Found a glowing golden altar of the Shining One.
  9495 | D:8      | Found an ancient bone altar of Kikubaaqudgha.
  9499 | D:8      | Reached ***** piety under Trog
  9760 | D:8      | Reached skill level 10 in Armour
  9802 | D:8      | Found a staircase to the Lair.
 10344 | D:9      | Received a gift from Trog
 10408 | D:9      | Noticed Psyche
 10422 | D:9      | Killed Psyche
 11242 | D:10     | Entered Level 10 of the Dungeon
 11265 | D:10     | Found a staircase to the Orcish Mines.
 11273 | D:10     | Noticed Erica
 11301 | D:10     | Killed Erica
 11301 | D:10     | Reached skill level 11 in Armour
 11578 | D:10     | Gained mutation: You are mostly covered in large bone plates. (SH +6) [demonic ancestry]
 11578 | D:10     | Reached XP level 11. HP: 71/89 MP: 12/12
 12222 | D:10     | Found a runed door.
 12235 | D:10     | Found a runed door.
 12246 | D:10     | Noticed a two-headed ogre
 12257 | D:10     | Killed a two-headed ogre
 12415 | D:11     | Noticed Urug
 12449 | D:11     | Killed Urug
 12505 | D:11     | Noticed a brown ugly thing
 12523 | D:11     | Killed a brown ugly thing
 12523 | D:11     | Reached skill level 10 in Fighting
 12549 | D:11     | Noticed a tengu warrior
 12613 | D:11     | HP: 2/91 [tengu warrior/war axe[a tengu conjurer] (18)]
 12615 | D:11     | Slain by a tengu warrior

Skill      XL: |  1  2  3  4  5  6  7  8  9 10 11 |
---------------+----------------------------------+-----
Axes           | 3 4 5 6 7 8 |  8.0
Armour         | 2 3 4 6 9 11 | 11.8
Fighting       | 4 5 6 9 10 | 10.2
Short Blades   | 1 2 |  2.0
Dodging        | |  1.7

Action                   |  1- 3 |  4- 6 |  7- 9 | 10-12 || total
-------------------------+-------+-------+-------+-------++-------
Melee: Hand axe          |    90 |    70 |       |       ||   160
       Headbutt          |       |    25 |   147 |   119 ||   291
       Dagger            |       |    51 |   611 |   452 ||  1114
Invok: Trog's Hand       |       |     2 |     3 |    11 ||    16
       Berserk           |       |     2 |     4 |    11 ||    17
       Burn Spellbooks   |       |       |       |     1 ||     1
       Brothers in Arms  |       |       |       |     1 ||     1
  Use: Scroll            |     8 |     2 |     6 |     8 ||    24
       Potion            |       |       |    12 |     4 ||    16
 Stab: Sleeping          |     2 |       |       |       ||     2
  Eat: Chunk             |     3 |     3 |    10 |     6 ||    22
       Ration            |       |     2 |     3 |     6 ||    11
Armor: Animal skin       |    10 |       |       |       ||    10
       Chain mail        |    12 |    48 |    37 |       ||    97
       Ring mail         |       |       |    91 |   131 ||   222
       Skin              |       |       |     1 |       ||     1
Dodge: Dodged            |    47 |    32 |   173 |   160 ||   412
Block: Other             |       |       |    44 |    76 ||   120
